 Dungeon Crawl Stone Soup version 0.20-a0-277-g7db01f4 (webtiles) character file.

105 Derfel the Conjurer (level 4, 0/24 HPs)
             Began as a Deep Elf Conjurer on Dec 13, 2016.
             Killed from afar by Natasha (6 damage)
             ... with a magic dart
             ... on level 3 of the Dungeon.
             The game lasted 00:14:21 (2929 turns).

Derfel the Conjurer (Deep Elf Conjurer)             Turns: 2929, Time: 00:14:21

Health: 0/24       AC:  3    Str:  5    XL:     4   Next: 53%
Magic:  0/12       EV: 13    Int: 21    God:
Gold:   133        SH:  3    Dex: 15    Spells: 4/11 levels left

rFire  . . .     SeeInvis .     b - +0 hunting sling
rCold  + . .     Gourm    .     d - +0 robe
rNeg   . . .     Faith    .     t - +0 buckler
rPois  .         Spirit   .     (no helmet)
rElec  .         Reflect  .     e - +0 cloak
rCorr  .         Harm     .     (no gloves)
MR     .....                    (no boots)
Stlth  +++.......               (no amulet)
                                z - ring of protection from cold
                                q - ring of flight

@: very slightly contaminated
A: no striking features
a: Evoke Flight


You were on level 3 of the Dungeon.
You were not hungry.

You visited 1 branch of the dungeon, and saw 3 of its levels.

You collected 133 gold pieces.

Inventory:

Hand Weapons
 a - a +0 dagger
 b - a +0 hunting sling (weapon)
 j - a +0 short sword
 D - a +2 whip of flaming
Missiles
 m - 139 stones (quivered)
Armour
 d - a +0 robe (worn)
 e - a +0 cloak (worn)
 h - a +0 leather armour
 t - a +0 buckler (worn)
Jewellery
 q - a ring of flight (left hand)
 y - an uncursed ring of protection from magic {unknown}
 z - a ring of protection from cold (right hand)
Scrolls
 f - a scroll of blinking {unknown}
 k - a scroll of remove curse {@r2}
 o - 2 scrolls of identify {unknown}
 p - a scroll of magic mapping {unknown}
 w - 2 scrolls of teleportation
 A - a scroll of enchant armour {unknown}
 B - a scroll of amnesia {unknown}
Potions
 g - 2 potions of agility {unknown}
 n - 2 potions of heal wounds {unknown}
 r - a potion of ambrosia {unknown}
 s - a potion of beneficial mutation {unknown}
 u - a potion of curing {unknown}
 v - a potion of invisibility {unknown}
 x - 2 potions of haste
Books
 i - a book of Misfortune

   Spells                             Type                      Level
   a - Confusing Touch                Hexes                        1
   b - Confuse                        Hexes                        3
   c - Gell's Gravitas                Hexes/Translocation          3
   d - Petrify                        Transmutation/Earth          4
   e - Metabolic Englaciation         Hexes/Ice                    5
   f - Yara's Violent Unravelling     Hexes/Transmutation          5
 C - a book of Conjurations

   Spells                             Type                      Level
   a - Magic Dart                     Conjuration                  1
   b - Searing Ray                    Conjuration                  2
   c - Dazzling Spray                 Conjuration/Hexes            3
   d - Fulminant Prism                Conjuration/Hexes            4
   e - Iskenderun's Mystic Blast      Conjuration                  4
   f - Iskenderun's Battlesphere      Conjuration/Charms           5
Comestibles
 c - a bread ration
 l - 2 meat rations
 E - 2 chunks of flesh


   Skills:
 + Level 3.3 Dodging
 + Level 4.1 Stealth
 + Level 4.1 Spellcasting
 + Level 4.9 Conjurations


You had 4 spell levels left.
You knew the following spells:

 Your Spells              Type           Power        Failure   Level  Hunger
a - Magic Dart            Conj           ####         3%          1    None
b - Searing Ray           Conj           ####..       6%          2    #......
c - Iskenderun's Mystic   Conj           ####....     30%         4    ####...


Dungeon Overview and Level Annotations

Branches:
Dungeon (3/15)

Altars:
Cheibriados
Nemelex Xobeh

Annotations:
D:3 Ijyb, Jessica, Natasha


Message History

Press: ? - help, Shift-Dir - straight line, f/p - Natasha
Aim: Natasha (almost dead)
You miscast Iskenderun's Mystic Blast.
You are very lightly contaminated with residual magic.
You smell something strange.
The orc throws a tomahawk.
The tomahawk hits you.
* * * LOW HITPOINT WARNING * * *
Casting: Iskenderun's Mystic Blast
Confirm with . or Enter, or press ? or * to list all spells.
You don't have enough magic to cast that spell.
Casting: Iskenderun's Mystic Blast
Confirm with . or Enter, or press ? or * to list all spells.
You don't have enough magic to cast that spell.
Ijyb the Twisted Goblin comes into view.
She is wielding a club.
Natasha stares at you and mumbles some strange words.
You resist with some effort.
Natasha mumbles some strange words.
Natasha glows brightly for a moment.
Natasha casts a spell at you. The magic dart hits you!
You die...

.....#.. #.o..)..
.##...#.# ########
.w...o#.#########......##
....h................... #
................[..... ...
#.#.##...####.......#
.....#..(.................
.........@'..............#
...###.####........#####.#
#. ####.....# #.# #.
####### #.. #. ### #. # #g
# #. # #


You could see a worm, Natasha and 2 orcs.

Vanquished Creatures
  Natasha (D:3)
  2 adders
  2 worms
  2 dart slugs (D:1)
  2 leopard geckos
  2 orcs (D:3)
  8 bats
  A giant cockroach (D:1)
  6 hobgoblins
  A quokka (D:2)
  5 frilled lizards
  4 goblins
  7 kobolds
  9 rats
52 creatures vanquished.

Notes
Turn   | Place    | Note
-------+----------+-------------------------------------------
     0 | D:1      | Derfel the Deep Elf Conjurer began the quest for the Orb.
     0 | D:1      | Reached XP level 1. HP: 10/10 MP: 6/6
   271 | D:1      | Reached XP level 2. HP: 15/15 MP: 1/8
   334 | D:1      | Learned a level 2 spell: Searing Ray
  1172 | D:1      | Reached XP level 3. HP: 18/19 MP: 4/9
  1557 | D:2      | Found a sparkling altar of Nemelex Xobeh.
  2115 | D:2      | Found a snail-covered altar of Cheibriados.
  2259 | D:3      | Noticed Natasha
  2262 | D:3      | Killed Natasha
  2262 | D:3      | Reached XP level 4. HP: 15/24 MP: 7/11
  2485 | D:3      | Noticed Jessica
  2731 | D:3      | Learned a level 4 spell: Iskenderun's Mystic Blast
  2922 | D:3      | Noticed Natasha
  2927 | D:3      | Noticed Ijyb
  2929 | D:3      | Killed from afar by Natasha

Vault maps used:
D:1:      lightli_arrival_flooded_house, kennysheep_small_spiral,
          minmay_tetromino_s4
D:2:      marbit_many_paths, nemelex_diamond_rough_becter
D:3:      first_bread, hangedman_decor_points, uniq_natasha, uniq_jessica,
          uniq_iyjb

Skill      XL: |  1  2  3  4 |
---------------+-------------+-----
Stealth        | 3 4 |  4.1
Dodging        | 3 |  3.3
Spellcasting   | 4 |  4.1
Conjurations   | |  4.9

Action                   |  1- 3 |  4- 6 || total
-------------------------+-------+-------++-------
Melee: Dagger            |    17 |       ||    17
 Fire: Hunting sling     |     1 |       ||     1
 Cast: Magic Dart        |    55 |    27 ||    82
       Searing Ray       |     9 |     2 ||    11
       Iskenderun's Myst |       |     3 ||     3
  Use: Scroll            |     2 |       ||     2
 Stab: Sleeping          |     5 |       ||     5
  Eat: Chunk             |     4 |     3 ||     7
Armor: Robe              |    45 |     2 ||    47
Dodge: Dodged            |   100 |     6 ||   106
Block: Buckler           |       |     1 ||     1
